 Dungeon Crawl Stone Soup version 0.17-a0-2231-gd80ca38 (webtiles) character file.

26 Raultor the Sneak (level 3, -3/18 HPs)
             Began as a Vine Stalker Assassin on Oct 29, 2015.
             Slain by a gnoll (5 damage)
             ... on level 1 of the Dungeon.
             The game lasted 00:03:03 (923 turns).

Raultor the Sneak (Vine Stalker Assassin)            Turns: 923, Time: 00:03:03

Health: -3/18      AC:  5    Str: 13    XL:     3   Next: 8%
Magic:  0/4        EV: 11    Int: 11    God:
Gold:   48         SH:  0    Dex: 16    Spells: 0 memorised, 2 levels left

rFire  . . .     SeeInvis .     a - +2 dagger
rCold  . . .     Clarity  .     c - +0 robe
rNeg   . . .     SustAt   .     (no shield)
rPois  .         Gourm    .     h - +0 helmet
rElec  .         Spirit   +     d - +0 cloak
rCorr  .         Warding  .     n - +0 pair of gloves
rMut   .         Stasis   .     (no boots)
MR     .....                    (no amulet)
Stlth  +++.......               (no ring)
                                (no ring)

@: not resistant to hostile enchantments, fairly stealthy
A: fangs 2, regeneration 1, magic shield, antimagic bite, no device heal 3, rot
immunity
a: no special abilities


You were on level 1 of the Dungeon.
You were not hungry.

You visited 1 branch of the dungeon, and saw 2 of its levels.

You collected 48 gold pieces.

Inventory:

Hand Weapons
 a - a +2 dagger (weapon)
 b - a +0 blowgun
Missiles
 e - 8 poisoned needles
 f - 2 curare-tipped needles
 t - a throwing net (quivered)
Armour
 c - a +0 robe (worn)
 d - a +0 cloak (worn)
 h - a +0 helmet (worn)
 n - a +0 pair of gloves (worn)
Scrolls
 i - a scroll of remove curse {unknown}
 k - a scroll of blinking {unknown}
 o - 3 scrolls of recharging {unknown}
 q - a scroll of immolation {unknown}
 s - a scroll of identify {unknown}
Potions
 r - a potion of brilliance {unknown}
Comestibles
 g - 2 bread rations
 j - a meat ration
 l - a slice of pizza
 m - 4 fruits
 p - a chunk of flesh


   Skills:
 - Level 1.7 Fighting
 - Level 1.7 Short Blades
 - Level 1.7 Throwing
 - Level 0.7 Dodging
 + Level 6.1 Stealth


You had 2 spell levels left.
You didn't know any spells.

Dungeon Overview and Level Annotations

Branches:
Dungeon (2/15)

Altars:


Innate Abilities, Weirdness & Mutations

You have extremely sharp teeth.
Your natural rate of healing is unusually fast.
When hurt, damage is shared between your health and your magic reserves.
Your bite disrupts and absorbs the magic of your enemies.
Potions and wands cannot restore your health.
You are immune to rotting.


Message History

The gnoll is moderately wounded.
The gnoll barely misses you.
You closely miss the gnoll.
The gnoll is moderately wounded.
The gnoll hits you.
* * * LOW HITPOINT WARNING * * *
You hit the gnoll.
The gnoll is heavily wounded.
The gnoll barely misses you.
You closely miss the gnoll. Your bite misses the gnoll.
The gnoll is heavily wounded.
The gnoll barely misses you.
You hit the gnoll. You bite the gnoll. You drain its power.
You feel invigorated.
The gnoll is severely wounded.
The gnoll barely misses you.
You hit the gnoll. You bite the gnoll, but do no damage.
The gnoll is almost dead.
The gnoll hits you!
You die...

##.#♣.♣..................
#............)..#.#.....
#.........#.#.#.#.......
#.........#.#.#.#.#.####
###(..(.....#...#........#
#..................#####.#
#)#.........#.#.#..#####.#
##.#......g..#.#.#.........
##.#)......@..#.#.#........#
######.###......#................
#.....## ##.....................#
#.####.###..##.#####.###.#.....##
#.# ##.#.#.##...............####
#.# ##.##.##..####.##..#...####
#.# #...>....# #.##.........# #.#
####.....# #............. #.#
####..#######........[#


You could see a gnoll.

Vanquished Creatures
  2 oozes (D:1)
  A bat (D:1)
  2 giant cockroaches (D:1)
  2 goblins (D:1)
  3 hobgoblins (D:1)
  4 kobolds (D:1)
  2 giant newts
16 creatures vanquished.

Notes
Turn   | Place    | Note
--------------------------------------------------------------
     0 | D:1      | Raultor the Vine Stalker Assassin began the quest for the Orb.
     0 | D:1      | Reached XP level 1. HP: 11/11 MP: 2/2
    35 | D:1      | Reached skill level 5 in Stealth
   154 | D:1      | Reached XP level 2. HP: 9/15 MP: 1/3
   639 | D:1      | Reached skill level 6 in Stealth
   639 | D:1      | Reached XP level 3. HP: 18/18 MP: 4/4
   923 | D:1      | Slain by a gnoll

Vault maps used:
D:1:      dpeg_arrival_ternary, serial_forest, infiniplex_forest_lined_ring,
          infiniplex_forest_straight_4, infiniplex_forest_lined_room_3,
          infiniplex_forest_straight_3, infiniplex_forest_straight_2,
          infiniplex_forest_straight_1, infiniplex_forest_clump_cross
D:2:      nicolae_overflow_hidden_temple, lemuel_doored_altar,
          lemuel_crystal_altar, serial_forest, infiniplex_forest_clump_curved,
          infiniplex_forest_3_way, infiniplex_forest_clump_curved,
          infiniplex_forest_lined_ring, infiniplex_forest_straight_2,
          infiniplex_forest_lined_2, infiniplex_forest_straight_1,
          infiniplex_forest_end_double

Action                   || total
-------------------------++-------
Melee: Dagger            ||    51
 Stab: Sleeping          ||     4
